 Dungeon Crawl Stone Soup version 0.24.0-125-gc4c63601f3 (webtiles) character file.

Game seed: 18303890616181615915, levelgen mode: deterministic

202 H0rd4k the Charlatan (level 6, -5/44 HPs)
             Began as a Human Artificer on Mar 3, 2020.
             Slain by an ogre
             ... wielding a +0 giant club
              (11 damage)
             ... on level 4 of the Dungeon on Mar 9, 2020.
             The game lasted 00:05:09 (2941 turns).

H0rd4k the Charlatan (Human Artificer)              Turns: 2941, Time: 00:05:09

Health: -5/44      AC:  9    Str: 14    XL:     6   Next: 8%
Magic:  9/9        EV: 10    Int: 12    God:
Gold:   162        SH:  0    Dex: 13    Spells: 5/5 levels left

rFire    . . .     SeeInvis .   a - +0 short sword
rCold    + . .     Gourm    .   (no shield)
rNeg     . . .     Faith    .   r - +2 scale mail {rC+}
rPois    .         Spirit   .   (no helmet)
rElec    .         Reflect  .   (no cloak)
rCorr    .         Harm     .   (no gloves)
MR       .....                  p - +0 pair of boots
Stlth    ..........             (no amulet)
HPRegen  0.14/turn              (no ring)
MPRegen  0.11/turn              (no ring)

@: no status effects
A: no striking features
a: no special abilities


You were on level 4 of the Dungeon.
You were not hungry.

You visited 1 branch of the dungeon, and saw 4 of its levels.

You collected 162 gold pieces.

Inventory:

Hand Weapons
 a - a +0 short sword (weapon)
 c - a cursed -1 quarterstaff
 y - a +0 long sword
Armour
 b - a +0 leather armour
 p - a +0 pair of boots (worn)
 r - a +2 scale mail of cold resistance (worn)
Jewellery
 v - an uncursed ring of flight {unknown}
Wands
 d - a wand of enslavement (10)
 e - a wand of random effects (4)
Scrolls
 g - 3 scrolls of teleportation {unknown}
 h - 2 scrolls of noise {unknown}
 k - a scroll of fear {unknown}
 m - 2 scrolls of identify {unknown}
 n - a scroll of blinking {unknown}
 q - 2 scrolls of remove curse {unknown}
 s - a scroll of amnesia {unknown}
Potions
 i - a potion of ambrosia {unknown}
 j - a potion of flight {unknown}
 l - a potion of resistance {unknown}
 o - 4 potions of curing {unknown}
 t - a potion of heal wounds {unknown}
 u - 2 potions of mutation {unknown}
 w - a potion of brilliance {unknown}
 x - a potion of agility {unknown}
Comestibles
 f - 4 rations


   Skills:
 + Level 1.7 Fighting
 + Level 2.8 Short Blades
 - Level 2.0 Armour
 + Level 3.2 Dodging
 - Level 1.2 Stealth
 + Level 4.0 Evocations


You had 5 spell levels left.
You didn't know any spells.
Your spell library was empty.

Dungeon Overview and Level Annotations

Branches:
Dungeon (4/15)
 Temple: D:4-7

Altars:
The Shining One

Annotations:
D:4 Natasha


Message History

Evoke which item? (* to show all) (? for menu, Esc to quit)
Aiming: Random Effects
Press: ? - help, Shift-Dir - straight line, f - ogre
Aim: an ogre, wielding a +0 giant club (moderately wounded)
The ogre twists and deforms.
Evoke which item? (* to show all) (? for menu, Esc to quit)
Aiming: Random Effects
Press: ? - help, Shift-Dir - straight line, f/p - ogre
Aim: an ogre, wielding a +0 giant club (moderately wounded, misshapen and mutated)
The ogre flickers and vanishes!
Deactivating autopickup; reactivate with Ctrl-A.
Evoke which item? (* to show all) (? for menu, Esc to quit)
Aiming: Random Effects
Press: ? - help, Shift-Dir - straight line Nothing appears to happen.
Something hits you. Something hits you. Something hits you!
* * * LOW HITPOINT WARNING * * *
Something hits you!
You die...

...#.# #.#.....# ###.#.#
#.###.#.# #.# #.# #.#.#
#.# #.# #.### #.# #.#
#(# #.# #.# #.# #.# #.#
#.# #.# #.# #.# #.# #.#
#@###########.
#.###.###{............
#.#.....#.............
#.#.....##..........>.
#.#.....##............
#.#.....##.....?.....[
#.#.....##............
###.###'####............
#....##.#############.#.


There were no monsters in sight!

Vanquished Creatures
  A bullfrog (D:3)
  7 adders
  A worm (D:2)
  6 dart slugs
  2 leopard geckos
  2 orcs (D:3)
  3 giant cockroaches
  8 goblins
  5 hobgoblins
  8 jackals
  2 kobolds (D:1)
  2 quokkas
  3 bats
  4 frilled lizards
  A leopard gecko skeleton (D:4)
  8 rats
63 creatures vanquished.

Vanquished Creatures (collateral kills)
  A worm (D:4)
  A ball python (D:4)
2 creatures vanquished.

Vanquished Creatures (others)
  A hound (D:4)
1 creature vanquished.

Grand Total: 66 creatures vanquished

Notes
Turn   | Place    | Note
-------+----------+-------------------------------------------
     0 | D:1      | H0rd4k the Human Artificer began the quest for the Orb.
     0 | D:1      | Reached XP level 1. HP: 15/15 MP: 3/3
    69 | D:1      | Reached XP level 2. HP: 16/21 MP: 4/4
   285 | D:1      | Reached XP level 3. HP: 18/26 MP: 5/5
   723 | D:2      | Reached XP level 4. HP: 17/32 MP: 6/6
   826 | D:2      | Reached skill level 1 in Armour
  1189 | D:2      | Reached XP level 5. HP: 31/37 MP: 7/7
  1923 | D:3      | Noticed a bullfrog
  2314 | D:3      | Killed a bullfrog
  2314 | D:3      | Reached skill level 4 in Evocations
  2314 | D:3      | Reached XP level 6. HP: 15/44 MP: 7/9
  2779 | D:4      | Noticed Natasha
  2874 | D:4      | Found a glowing golden altar of the Shining One.
  2926 | D:4      | Noticed an ogre
  2941 | D:4      | Slain by an ogre

Levels and vault maps discovered:
D:1:      matt_arrival_diagonals, layout_basic
D:2:      layout_loops_ring
D:3:      minmay_evil_eye, layout_basic
D:4:      layout_basic, kennysheep_mini, temple_statues, first_ration,
          portal_sewer_entry_e, uniq_natasha

Skill      XL: |  1  2  3  4  5 |
---------------+----------------+-----
Armour         | 1 2 |  2.0
Dodging        | 3 |  3.2
Short Blades   | 2 |  2.8
Evocations     | 4 |  4.0
Fighting       | |  1.7
Stealth        | |  1.2

Action                   |  1- 3 |  4- 6 || total
-------------------------+-------+-------++-------
Melee: Short sword       |   108 |   181 ||   289
Evoke: Wand              |     4 |    27 ||    31
 Stab: Sleeping          |     1 |       ||     1
       Paralysed         |       |     5 ||     5
  Eat: Chunk             |       |     5 ||     5
       Ration            |       |     1 ||     1
Armor: Leather armour    |    25 |    26 ||    51
       Scale mail        |       |    56 ||    56
Dodge: Dodged            |    62 |   108 ||   170
